 Dungeon Sprint DCSS version 0.22.0-21-g8bd1b0a (webtiles) character file.

1400000 poirepourri the Wrestler (level 14, -27/133 HPs)
             Began as a Ghoul Gladiator on Aug 19, 2018.
             Was a Follower of Makhleb.
             Annihilated by a meat berserker
             ... wielding a +9 battleaxe
              (70 damage)
             ... in the Dungeon (Sprint VIII: "Arena of Blood").
             The game lasted 00:00:26 (14 turns).

poirepourri the Wrestler (Ghoul Gladiator)            Turns: 14, Time: 00:00:26

Health: -27/133    AC:  4    Str: 19    XL:     14   Next: 6%
Magic:  13/13      EV: 25    Int:  3    God:    Makhleb [*.....]
Gold:   0          SH:  0    Dex: 14    Spells: 13/13 levels left

rFire    . . .     SeeInvis .     - Unarmed
rCold    + . .     Gourm    .   (no shield)
rNeg     + + +     Faith    .   a - +0 leather armour
rPois    ∞         Spirit   .   b - +0 helmet
rElec    .         Reflect  .   (no cloak)
rCorr    .         Harm     .   (no gloves)
MR       +....     NoTele   +   (no boots)
Stlth    +.........             (no amulet)
HPRegen  0.00/turn              (no ring)
MPRegen  0.13/turn              (no ring)

@: rotting
A: rotting body, claws 1, carnivore, cold resistance 1, negative energy
resistance 3, inhibited regeneration, torment resistance, unbreathing
a: Renounce Religion


You were in the Dungeon.
You worshipped Makhleb.
Makhleb was aware of your devotion.
You were not hungry.

You visited 1 branch

Inventory:

Hand Weapons
 k - the +∞ Axe of Woe
   (You found it in the Dungeon)
Missiles
 c - 3 throwing nets (quivered)
Armour
 a - a +0 leather armour (worn)
 b - a +0 helmet (worn)
Scrolls
 j - a scroll of blinking
Potions
 e - a potion of curing
 f - a potion of heal wounds
 g - a potion of haste
 h - 2 potions of magic
 i - a potion of berserk rage
Comestibles
 d - a ration


   Skills:
 + Level 14.6 Fighting
   Level 6.9 Axes
 + Level 11.4 Throwing
 + Level 19.9 Dodging
 + Level 22.9 Unarmed Combat


You had 13 spell levels left.
You didn't know any spells.
Your spell library was empty.

Dungeon Overview and Level Annotations

Branches:
Dungeon (1/1)

Altars:
Makhleb


Innate Abilities, Weirdness & Mutations

Your body is rotting away.
You thrive on raw meat.
You are immune to poison.
You have sharp fingernails.
You are carnivorous and can eat meat at any time.
Your flesh is cold resistant. (rC+)
You are immune to negative energy. (rN+++)
You do not regenerate when monsters are visible.
You are immune to unholy pain and torment.
You can survive without breathing.


Message History

The meat berserker hits you with a +9 battleaxe!!!
You hear a shout! x4; The bag of meat shouts!
You hear a shout! x2
You stop training Axes.
Unknown command.
You scratch the meat berserker.
The meat berserker is lightly wounded.
You hear a shout! x4
A meat berserker comes into view. It is wielding a +9 battleaxe.
A bag of meat comes into view. It is wielding a +9 war axe.
The meat berserker hits you with a +9 battleaxe!!
You hear a shout! x3
The meat berserker hits you but does no damage.
A bag of meat comes into view. It is wielding a +9 war axe.
You hear a shout! x2
Unknown command.
k - the +∞ Axe of Woe You hear a shout! x6
The meat berserker hits you with a +9 battleaxe!!!
Ouch! That really hurt!
You die... ..... .oo

#... ..# . #...
o.# . ..###...
..###..
......###O.....
......_......
#..O..# #_.<@_#
#..o)O#
......_...o..
.....o###.....o
..###...
..###.. . #...
..# o #... ..#
..... ...


You could see 3 meat berserkers and 7 bags of meat.

Vanquished Creatures
  3 orcs (D)
3 creatures vanquished.

Notes
Turn   | Place    | Note
-------+----------+-------------------------------------------
     0 | D        | Found the +∞ Axe of Woe
     0 | D        | poirepourri the Ghoul Gladiator began the quest for the Orb.
     0 | D        | Reached XP level 1. HP: 17/17 MP: 0/0
     4 | D        | Became a worshipper of Makhleb the Destroyer
     5 | D        | Noticed a bag of meat
     6 | D        | Noticed a bag of meat
     6 | D        | Noticed a bag of meat
     8 | D        | Noticed a bag of meat
     8 | D        | Noticed a meat berserker
     9 | D        | Killed a bag of meat
     9 | D        | Reached skill level 18 in Unarmed Combat
     9 | D        | Reached XP level 2. HP: 40/40 MP: 1/1
     9 | D        | Reached XP level 3. HP: 47/47 MP: 2/2
     9 | D        | Reached XP level 4. HP: 55/55 MP: 3/3
     9 | D        | Reached XP level 5. HP: 61/61 MP: 4/4
     9 | D        | Reached XP level 6. HP: 68/68 MP: 5/5
     9 | D        | Reached XP level 7. HP: 74/74 MP: 6/6
     9 | D        | Reached XP level 8. HP: 82/82 MP: 7/7
     9 | D        | Reached XP level 9. HP: 89/89 MP: 8/8
     9 | D        | Reached XP level 10. HP: 96/96 MP: 9/9
     9 | D        | Reached XP level 11. HP: 103/103 MP: 10/10
     9 | D        | Reached XP level 12. HP: 110/110 MP: 11/11
    10 | D        | Killed a bag of meat
    10 | D        | Reached * piety under Makhleb
    10 | D        | Reached skill level 5 in Axes
    10 | D        | Reached skill level 10 in Throwing
    10 | D        | Reached skill level 21 in Unarmed Combat
    10 | D        | Reached XP level 13. HP: 122/122 MP: 12/12
    10 | D        | Noticed a bag of meat
    10 | D        | Noticed a bag of meat
    10 | D        | Noticed a bag of meat
    10 | D        | Noticed a meat berserker
    11 | D        | Killed a bag of meat
    11 | D        | Reached skill level 22 in Unarmed Combat
    11 | D        | Reached XP level 14. HP: 133/133 MP: 13/13
    11 | D        | Noticed a meat berserker
    11 | D        | Noticed a bag of meat
    11 | D        | Noticed a bag of meat
    12 | D        | Noticed a bag of meat
    13 | D        | Noticed a meat berserker
    13 | D        | Noticed a bag of meat
    13 | D        | Noticed a bag of meat
    14 | D        | Annihilated by a meat berserker

Skill      XL: |  1  2  3  4  5  6  7  8  9 10 11 12 13 |
---------------+----------------------------------------+-----
Fighting       | 11 13 14 | 14.6
Axes           | 3 5 6 |  6.9
Throwing       | 9 10 11 | 11.4
Dodging        | 16 18 19 | 19.9
Unarmed Combat | 18 21 22 | 22.9

Action                   |  1- 3 |  4- 6 |  7- 9 | 10-12 | 13-15 || total
-------------------------+-------+-------+-------+-------+-------++-------
Melee: Executioner's axe |     1 |       |       |     1 |     1 ||     3
       Unarmed           |       |       |       |       |     1 ||     1
Armor: Leather armour    |       |       |       |       |     1 ||     1
